 Dungeon Crawl Stone Soup version 0.20-a0-820-g557356e (webtiles) character file.

77 GreetingsTrabeler the Magician (level 4, -5/30 HPs)
             Began as a Mummy Ice Elementalist on Mar 4, 2017.
             Slain by a gnoll
             ... wielding a +0 spear
              (7 damage)
             ... on level 2 of the Dungeon.
             The game lasted 00:10:45 (2244 turns).

GreetingsTrabeler the Magician (MuIE)               Turns: 2244, Time: 00:10:46

Health: -5/30      AC:  3    Str: 11    XL:     4   Next: 13%
Magic:  4/10       EV: 12    Int: 15    God:
Gold:   84         SH:  0    Dex: 12    Spells: 8/11 levels left

rFire    x . .     SeeInvis .   (no weapon)
rCold    + . .     Gourm    .   a - +0 robe
rNeg     + + +     Faith    .   (no shield)
rPois    ∞         Spirit   .   (no helmet)
rElec    .         Reflect  .   (no cloak)
rCorr    .         Harm     .   (no gloves)
MR       .....                  e - +0 pair of boots
Stlth    ++........             (no amulet)
Regen    0.1/turn               (no ring)
MPRegen  0.2/turn               (no ring)

@: no status effects
A: no food or potions, fire vulnerability, cold resistance 1, negative energy
resistance 3, torment resistance, unbreathing
a: no special abilities


You were on level 2 of the Dungeon.
You were not hungry.

You visited 1 branch of the dungeon, and saw 2 of its levels.

You collected 84 gold pieces.

Inventory:

Armour
 a - a +0 robe (worn)
 e - a +0 pair of boots (worn)
Scrolls
 c - a scroll of immolation {unknown}
 d - a scroll of remove curse {unknown}
 f - a scroll of teleportation {unknown}
 g - a scroll of identify {unknown}
 h - a scroll of magic mapping {unknown}
Books
 b - a book of Frost

   Spells                             Type                      Level
   a - Freeze                         Ice                          1
   b - Throw Frost                    Conjuration/Ice              2
   c - Ozocubu's Armour               Charms/Ice                   3
   d - Throw Icicle                   Conjuration/Ice              4
   e - Summon Ice Beast               Ice/Summoning                4


   Skills:
 - Level 1.5 Dodging
 - Level 1.5 Stealth
 + Level 4.2 Spellcasting
 - Level 0.7 Conjurations
 + Level 3.4 Ice Magic


You had 8 spell levels left.
You knew the following spells:

 Your Spells              Type           Power        Failure   Level  Hunger
a - Freeze                Ice            ##..         6%          1    N/A
b - Throw Frost           Conj/Ice       #.....       12%         2    N/A

Dungeon Overview and Level Annotations

Branches:
Dungeon (2/15)

Altars:
Gozag
Zin


Innate Abilities, Weirdness & Mutations

You do not eat or drink.
Your flesh is vulnerable to fire.
You are immune to poison.
Your flesh is cold resistant. (rC+)
You are immune to negative energy. (rN+++)
You are immune to unholy pain and torment.
You can survive without breathing.


Message History

Casting: Freeze
Confirm with . or Enter, or press ? or * to list all spells.
You don't have enough magic to cast that spell.
Unknown command.
There is an open door here.
The gnoll shouts!
There is an open door here.
The gnoll shouts!
The gnoll hits you with a club.
The gnoll hits you from afar with a spear.
The gnoll hits you from afar with a spear.
The gnoll hits you with a club!
The gnoll hits you from afar with a spear.
* * * LOW HITPOINT WARNING * * *
There is an open door here.
There is a stone staircase leading up here.
The gnoll hits you with a club!
* * * LOW HITPOINT WARNING * * *
The gnoll hits you from afar with a spear!
You die...

...............>##.# #.#
..#......#'####.##.#####.#
..#.##..........##.......#
.....+.......#############
#.####.......#
#....'.......#
#.####.......# #.#
#.......##### #.#
#.......'gg@# #.#
#.......##### #w#
#.......# #'##♣♣.♣♣....#
#...♣...♣....#
#...♣..♣♣.#'##
#.!.♣..♣♣.#.#
#...♣♣.♣♣...#
#.####....###


You could see 2 gnolls.

Vanquished Creatures
  3 adders (D:2)
  2 oozes (D:2)
  A worm (D:2)
  A dart slug (D:1)
  2 leopard geckos
  A ball python (D:2)
  A giant cockroach (D:1)
  4 goblins
  5 hobgoblins
  2 jackals (D:1)
  9 bats
  2 frilled lizards (D:1)
  2 kobolds (D:1)
  4 rats (D:1)
39 creatures vanquished.

Notes
Turn   | Place    | Note
-------+----------+-------------------------------------------
     0 | D:1      | GreetingsTrabeler the Mummy Ice Elementalist began the quest for the Orb.
     0 | D:1      | Reached XP level 1. HP: 13/13 MP: 4/4
   158 | D:1      | Reached skill level 3 in Spellcasting
   286 | D:1      | Reached XP level 2. HP: 19/19 MP: 3/6
  1344 | D:2      | Reached XP level 3. HP: 24/24 MP: 5/8
  1645 | D:2      | Reached skill level 4 in Spellcasting
  1739 | D:1      | Learned a level 2 spell: Throw Frost
  1919 | D:2      | Reached XP level 4. HP: 15/30 MP: 0/10
  2136 | D:2      | Found a glowing silver altar of Zin.
  2136 | D:2      | Found an opulent altar of Gozag.
  2244 | D:2      | Slain by a gnoll

Vault maps used:
D:1:      lemuel_arrival_rhombus
D:2:      grunt_temple_overflow_gold_and_silver, lemuel_doored_altar,
          first_bread, serial_forest, infiniplex_forest_lined_room_2,
          infiniplex_forest_lined_room_, infiniplex_forest_clump_double,
          infiniplex_forest_lined_2, infiniplex_forest_straight_4,
          infiniplex_forest_clump_long, infiniplex_forest_lined_3

Skill      XL: |  1  2  3 |
---------------+----------+-----
Spellcasting   | 3 4 |  4.2
Ice Magic      | 3 |  3.4
Dodging        | |  1.5
Stealth        | |  1.5
Conjurations   | |  0.7

Action                   |  1- 3 |  4- 6 || total
-------------------------+-------+-------++-------
Melee: Unarmed           |    21 |     1 ||    22
 Cast: Freeze            |    62 |     5 ||    67
       Throw Frost       |     4 |     5 ||     9
Armor: Robe              |    25 |     2 ||    27
Dodge: Dodged            |    59 |     3 ||    62
